 Dungeon Crawl Stone Soup version 0.30.1-3-gfc49f6343a (webtiles) character file.

Game seed: 6323373550282093550

51 Mickster the Chopper (level 3, -4/49 HPs)
             Began as a Hill Orc Berserker on Aug 6, 2023.
             Was a Follower of Trog.
             Slain by a gnoll
             ... wielding a +0 halberd
              (8 damage)
             ... on level 3 of the Dungeon.
             The game lasted 00:12:51 (1618 turns).

Mickster the Chopper (Hill Orc Berserker)           Turns: 1618, Time: 00:12:52

Health: -4/49      AC:  6    Str: 21    XL:     3   Next: 83%
Magic:  3/3        EV: 10    Int:  7    God:    Trog [*.....]
Gold:   80         SH:  0    Dex: 10    Spells: 2/2 levels left

rFire   . . .        a - +2 hand axe
rCold   . . .        (no shield)
rNeg    . . .        c - +0 scale mail
rPois   .            (no helmet)
rElec   .            (no cloak)
rCorr   .            (no gloves)
SInv    .            (no boots)
Will    .....        (no amulet) Stlth
                     (no ring)
HPRegen 0.28/turn    (no ring)
MPRegen 0.08/turn

%: no passive effects
@: berserking, very quick
A: no striking features
a: Renounce Religion, Berserk


You were on level 3 of the Dungeon.
You worshipped Trog.
Trog was aware of your devotion.
You visited 1 branch of the dungeon, and saw 3 of its levels.

You collected 80 gold pieces.

Inventory:

Hand Weapons
 a - a +2 hand axe (weapon)
Missiles
 f - 6 poisoned darts (quivered)
Armour
 c - a +0 scale mail (worn)
Scrolls
 g - a scroll of magic mapping
 h - a scroll of amnesia
 i - 2 scrolls of fog
Potions
 b - 2 potions of degeneration {unknown}
 d - a potion of mutation {unknown}
 e - a potion of might {unknown}
 k - a potion of heal wounds {unknown}
 l - a potion of resistance {unknown}


   Skills:
 + Level 4.1 Fighting
 + Level 4.8 Axes
 + Level 2.7 Armour
 + Level 2.1 Dodging


You had 2 spell levels left.
You didn't know any spells.
Your spell library was empty.

Dungeon Overview and Level Annotations

Branches:
Dungeon (3/15)

Altars:


Message History

You struggle against the net.
The gnoll hits you from afar with a +0 halberd.
You struggle against the net.
The gnoll hits you from afar with a +0 halberd.
A goblin comes into view. It is wielding a +0 dagger.
You struggle against the net.
The gnoll hits you but does no damage.
The gnoll hits you from afar with a +0 halberd.
You shred the net and break free!
The gnoll hits you from afar with a +0 halberd.
The gnoll hits you from afar with a +0 spear.
A red film seems to cover your vision as you go berserk!
You feel yourself moving faster!
You feel mighty! The gnoll hits you but does no damage.
The gnoll hits you from afar with a +0 spear.
You closely miss the gnoll. You barely miss the gnoll.
The gnoll closely misses you.
The gnoll hits you from afar with a +0 halberd!
The gnoll hits you from afar with a +0 spear.
You closely miss the gnoll. The gnoll hits you but does no damage.
The gnoll barely misses you. x2
You closely miss the gnoll. You slash the gnoll!
The gnoll is severely wounded.
The gnoll completely misses you.
The gnoll hits you from afar with a +0 halberd!
* * * LOW HITPOINT WARNING * * *
The gnoll hits you from afar with a +0 spear.
* * * LOW HITPOINT WARNING * * *
You closely miss the gnoll.
The gnoll is severely wounded.
The gnoll hits you with a +0 club.
* * * LOW HITPOINT WARNING * * *
The gnoll barely misses you. The gnoll closely misses you.
You hit the gnoll.
You kill the gnoll!
Trog accepts your kill.
Your Dodging skill increases to level 2!
A dart slug comes into view.
The gnoll hits you with a +0 halberd!
You die...

. # .w #. ...
.#####....
.g.......
#gg......
#@############
#.#..........#
#.#.##.......#
#.#.#........#
#.#.#........#
#.#.#..<.....#
#.#.#........#
#.#.#........#
#.#..........#


You could see 2 gnolls, a dart slug and a goblin.

Vanquished Creatures
  A gnoll (D:3)
  A worm (D:2)
  A dart slug (D:1)
  3 endoplasms
  A giant cockroach (D:2)
  6 goblins
  2 hobgoblins (D:1)
  7 jackals
  A quokka (D:2)
  3 ball pythons (D:1)
  A bat (D:2)
  2 frilled lizards
  A kobold (D:2)
  6 rats
36 creatures vanquished.

Notes
Turn   | Place    | Note
-------+----------+-------------------------------------------
     0 | D:1      | Mickster the Hill Orc Berserker began the quest for the
                  | Orb.
     0 | D:1      | Reached XP level 1. HP: 19/19 MP: 1/1
   229 | D:1      | Reached XP level 2. HP: 24/27 MP: 2/2
   963 | D:2      | Reached XP level 3. HP: 33/33 MP: 3/3
  1280 | D:2      | Found a faded altar of an unknown god.
  1618 | D:3      | Slain by a gnoll

Illustrated notes

Levels and vault maps discovered:
D:1:      ncdulo_watergridlock, layout_basic, nicolae_kite_square_tiling_tiny
D:2:      layout_basic, shapermc_ecumenical_altar_mp_urbaneastern,
          palyth_stone_intersect, minmay_misc_feat_nine_boxes,
          minmay_pentomino_w2
D:3:      layout_basic, minmay_crystal_water, uniq_pargi, uniq_jessica

Skill      XL: |  1  2  3 |
---------------+----------+-----
Fighting       | 4 |  4.1
Dodging        | 2 |  2.1
Axes           | |  4.8
Armour         | |  2.7

Action                     || total
---------------------------++-------
  Melee: Hand axe          ||    99
         Punch             ||     2
 Invoke: Berserk           ||     3
    Use: Scroll            ||     7
 Armour: Scale mail        ||    24
         Animal skin       ||     2
  Dodge: Dodged            ||    56
